 Dungeon Crawl Stone Soup version 0.30-a0-509-gd016549fea (webtiles) character file.

Game seed: 15038381683352460606

68 Jase the Caller (level 4, -7/30 HPs)
             Began as a Merfolk Summoner on Dec 23, 2022.
             Mangled by an ogre
             ... wielding a +0 giant club
              (23 damage)
             ... on level 3 of the Dungeon.
             The game lasted 00:07:51 (1971 turns).

Jase the Caller (Merfolk Summoner)                  Turns: 1971, Time: 00:07:52

Health: -7/30      AC:  3    Str:  8    XL:     4   Next: 19%
Magic:  3/7        EV: 13    Int: 16    God:
Gold:   86         SH:  0    Dex: 14    Spells: 1/7 levels left

rFire   . . .      SeeInvis .    a - +0 halberd
rCold   + . .      Faith    .    (shield currently unavailable)
rNeg    . . .      Spirit   .    d - +0 robe
rPois   .          Reflect  .    (no helmet)
rElec   .          Harm     .    n - +0 cloak
rCorr   .          Rampage  .    (no gloves)
Will    .....                    (no boots)
Stlth   ++........               (no amulet)
HPRegen 0.25/turn                k - ring of protection from cold
MPRegen 0.10/turn                (no ring)

@: no status effects
A: (nimble swimmer 2), mertail
a: no special abilities


You were on level 3 of the Dungeon.
You visited 1 branch of the dungeon, and saw 3 of its levels.

You collected 86 gold pieces.

Inventory:

Hand Weapons
 a - a +0 halberd (weapon)
 j - a +0 dagger
Missiles
 p - 4 poisoned darts
Armour
 d - a +0 robe (worn)
 n - a +0 cloak (worn)
Jewellery
 k - a ring of protection from cold (left hand)
 m - an amulet of faith
Scrolls
 f - 2 scrolls of identify {unknown}
 i - a scroll of enchant weapon {unknown}
 l - a scroll of amnesia {unknown}
 q - a scroll of magic mapping {unknown}
Potions
 b - a potion of magic
 c - a potion of ambrosia {unknown}
 e - 2 potions of berserk rage {unknown}
 g - a potion of degeneration {unknown}
 h - 4 potions of curing {unknown}
 o - 2 potions of heal wounds {unknown}
 r - a potion of brilliance {unknown}
 s - a potion of lignification {unknown}


   Skills:
 + Level 1.8 Polearms
 + Level 4.2 Dodging
 - Level 2.1 Stealth
 - Level 2.0 Spellcasting
 + Level 4.7 Summonings


You had one spell level left.
You knew the following spells:

 Your Spells              Type           Power      Damage    Failure   Level
a - Summon Small Mammal   Summ           64%        N/A       3%          1
b - Call Imp              Summ           16%        N/A       4%          2
c - Call Canine Familiar  Summ           16%        N/A       9%          3

Your spell library contained the following spells:

 Spells                   Type           Power      Damage    Failure   Level
 Summon Guardian Golem    Hex/Summ       9%         N/A       24%         3
 Sublimation of Blood     Necr           1%         N/A       30%         2
 Wereblood                Tmut           1%         N/A       30%         2
 Summon Lightning Spire   Summ/Air       9%         N/A       61%         4
 Summon Hydra             Summ           8%         N/A       100%        7


Dungeon Overview and Level Annotations

Branches:
Dungeon (3/15)

Altars:
Makhleb


Innate Abilities, Weirdness & Mutations

((You are very nimble when in or above water. (Stealth+, EV+, Speed+++)))
Your lower body shifts to a powerful aquatic tail in water.


Message History

Your quokka's corpse disappears in a puff of smoke!
You reach to attack!
You barely miss the ogre.
You swap places.
Your crimson imp blinks!
The ogre barely misses your rat.
You could not reach far enough!
Your rat closely misses the ogre.
The ogre barely misses your rat.
Your rat barely misses the ogre.
You could not reach far enough!
Your rat bites the ogre.
The ogre hits your rat with a +0 giant club!!
Your rat dies!
Your rat's corpse disappears in a puff of smoke!
Casting: Summon Small Mammal (safe; 3% risk of failure)
Confirm with . or Enter, or press ? or * to list all spells.
Casting: Summon Small Mammal (safe; 3% risk of failure)
Confirm with . or Enter, or press ? or * to list all spells.
The ogre completely misses your quokka.
You could not reach far enough!
Your crimson imp shouts, "Stay back!
It could be a trick!"
The ogre hits your quokka with a +0 giant club!!
Your quokka dies!
Your quokka's corpse disappears in a puff of smoke!
You could not reach far enough!
Your bat hits the ogre.
Your bat closely misses the ogre.
The ogre hits your bat with a +0 giant club!
Your bat dies!
Your bat's corpse disappears in a puff of smoke!
You could not reach far enough!
Your crimson imp hits the ogre.
The ogre barely misses your crimson imp.
You reach to attack!
You completely miss the ogre.
The ogre is lightly wounded.
Your crimson imp blinks!
You barely miss the ogre.
The ogre is lightly wounded.
The ogre hits you with a +0 giant club!
You hit the ogre.
The ogre is moderately wounded.
Your crimson imp disappears in a puff of smoke!
The ogre hits you with a +0 giant club!!
Ouch! That really hurt!
You die...

.## ##........ ..##
##...####### ...##
##...<....... ..8.##
##.8..######..#
.....#####........^.# .##
...................##...#
##############.#####.....
#..###......
##.@O..ยง._.. #..##......
##.# ..... #.# ...# #..
.## ##.# # .. ###


You could see an ogre.

Vanquished Creatures
  An adder (D:2)
  A worm (D:3)
  A dart slug (D:1)
  7 endoplasms
  3 giant cockroaches (D:1)
  2 goblins (D:1)
  2 hobgoblins
  2 quokkas (D:1)
  4 ball pythons
  6 bats
  2 frilled lizards
  2 kobolds (D:1)
  4 rats (D:1)
37 creatures vanquished.

Vanquished Creatures (collateral kills)
  An adder (D:2)
  2 ball pythons
  A bat (D:1)
  2 goblins
  3 rats (D:1)
9 creatures vanquished.

Grand Total: 46 creatures vanquished

Notes
Turn   | Place    | Note
-------+----------+-------------------------------------------
     0 | D:1      | Jase the Merfolk Summoner began the quest for the Orb.
     0 | D:1      | Reached XP level 1. HP: 13/13 MP: 3/3
   168 | D:1      | Reached XP level 2. HP: 16/19 MP: 0/5
   168 | D:1      | Found a faded altar of an unknown god.
   451 | D:1      | Learned a level 2 spell: Call Imp
   700 | D:1      | Reached XP level 3. HP: 24/24 MP: 4/6
  1192 | D:1      | Reached skill level 1 in Polearms
  1555 | D:2      | Reached XP level 4. HP: 26/30 MP: 7/7
  1855 | D:2      | Learned a level 3 spell: Call Canine Familiar
  1952 | D:3      | Found a burning altar of Makhleb.
  1954 | D:3      | Noticed an ogre
  1971 | D:3      | Mangled by an ogre

Illustrated notes

Levels and vault maps discovered:
D:1:      dpeg_arrival_subterranean_lakeside_camping, layout_basic,
          dreamdust_ecumenical_altar_statues, hangedman_abyss_or_decor_stabs
D:2:      layout_basic
D:3:      layout_basic, mainiacjoe_overflow_paths, lemuel_round_altar,
          trog_three_pillars_becter, nicolae_overflow_ecumenical_swirl,
          uniq_robin, uniq_jessica

Skill      XL: |  1  2  3 |
---------------+----------+-----
Dodging        | 3 4 |  4.2
Polearms       | 1 |  1.8
Stealth        | |  2.1
Spellcasting   | |  2.0
Summonings     | |  4.7

Action                   |  1- 3 |  4- 6 || total
-------------------------+-------+-------++-------
Melee: Unarmed           |    57 |       ||    57
       Punch             |     1 |       ||     1
       Dagger            |    28 |       ||    28
       Halberd           |    63 |    24 ||    87
 Cast: Summon Small Mamm |    22 |     6 ||    28
       Call Imp          |       |     1 ||     1
 Stab: Sleeping          |     8 |       ||     8
       Distracted        |     2 |       ||     2
Armor: Robe              |    43 |     8 ||    51
Dodge: Dodged            |   103 |    17 ||   120

Table legend: (Time is in decaauts)
 A = Elapsed time spent in this place.
 B = Non-inter-level travel time spent in this place.
 C = Inter-level travel time spent in this place.
 D = Time resting spent in this place.
 E = Time spent auto-exploring this place.
 F = Levels seen in this place.
 G = Mean time per level.
                   A        B        C        D        E       F      G
               +--------+--------+--------+--------+--------+-----+--------+
         Total |   2004 |   1982 |     22 |    260 |   1238 |   3 |  668.0 |
       Dungeon |   2004 |   1982 |     22 |    260 |   1238 |   3 |  668.0 |
               +--------+--------+--------+--------+--------+-----+--------+

Top non-repeatable levels by time:
     D:1: 1239 daAuts
     D:2: 657 daAuts
     D:3: 108 daAuts
